 Dungeon Crawl Stone Soup version 0.25.0-9-g26727b657a (webtiles) character file.

Game seed: 8057253914649175816

22667 Esekla the Carver (level 13, -21/112 HPs)
             Began as a Naga Warper on June 15, 2020.
             Was a Follower of Uskayaw.
             Killed from afar by an ice dragon (36 damage)
             ... with a blast of cold
             ... on level 4 of the Lair of Beasts on June 16, 2020.
             The game lasted 02:01:14 (18777 turns).

Esekla the Carver (Naga Warper)                    Turns: 18777, Time: 02:01:15

Health: -21/112    AC: 16    Str: 14    XL:     13   Next: 1%
Magic:  31/32      EV: 14    Int: 13    God:    Uskayaw [*.....]
Gold:   673        SH:  5    Dex: 19    Spells: 10/25 levels left

rFire    . . .     SeeInvis +   M - +0 scimitar (flame)
rCold    . . .     Gourm    .   (no shield)
rNeg     . . .     Faith    .   L - +0 steam dragon scales
rPois    +         Spirit   .   m - +2 hat
rElec    .         Reflect  +   n - +0 cloak
rCorr    .         Harm     .   O - +2 pair of gloves {Dex+3}
MR       +....                  (no barding)
Stlth    +++.......             w - amulet of reflection
HPRegen  0.28/turn              q - ring of magical power
MPRegen  0.23/turn              C - ring of wizardry

@: about to teleport, shrouded (expiring), very slow
A: large, iridescent scales 1, see invisible, deformed body, poison resistance,
slowness 2, slow metabolism 1, spit poison 1, MP-powered wands, constrict 1, AC
+4
a: Spit Poison, Stomp, Renounce Religion


You were on level 4 of the Lair of Beasts.
You worshipped Uskayaw.
Uskayaw was noncommittal.
You were not hungry.

You visited 3 branches of the dungeon, and saw 15 of its levels.
You also visited: Gauntlet.

You collected 977 gold pieces.
You spent 304 gold pieces at shops.

Inventory:

Hand Weapons
 h - a +2 trident of distortion
 x - the +7 mace "Sybes" {pain, Str+3 Int+3}
   (You found it on level 4 of the Dungeon)

   In the hands of one skilled in necromantic magic, it inflicts extra damage on
   living creatures.
   It affects your strength (+3).
   It affects your intelligence (+3).
 D - a +2 spear of freezing
 J - a +4 trident
 M - a +0 scimitar of flaming (weapon)
 S - a +2 antimagic demon trident
Missiles
 e - 4 boomerangs of dispersal
 g - 4 curare-tipped darts
 r - 51 poisoned darts (quivered)
 t - 8 boomerangs
 T - 20 javelins
Armour
 m - a +2 hat (worn)
 n - a +0 cloak (worn)
 K - a +0 buckler
 L - +0 steam dragon scales (worn)
 O - a +2 pair of gloves of dexterity (worn)
 Q - a +1 robe of cold resistance
 U - a +2 kite shield of protection
 V - +0 storm dragon scales
Jewellery
 p - the ring of Mytac {Dex+6 SInv}
   (You took it off a minotaur in a Gauntlet)

   [ring of dexterity]

   It affects your dexterity (+6).
   It lets you see invisible.
 q - a ring of magical power (left hand)
 w - an amulet of reflection (around neck)
 C - a ring of wizardry (right hand)
 P - an uncursed ring of ice
 W - the ring "Ciuwid" {rPois Dex+6}
   (You found it in a Gauntlet)

   [ring of dexterity]

   It affects your dexterity (+6).
   It protects you from poison.
 X - an uncursed ring of protection from fire
Wands
 a - a wand of acid (8)
 u - a wand of random effects (34)
 z - a wand of flame (14)
 B - a wand of iceblast (10)
 N - a wand of paralysis (6)
Scrolls
 b - a scroll of fog
 d - 4 scrolls of blinking
 i - 11 scrolls of teleportation
 o - a scroll of immolation
 y - 7 scrolls of identify
 A - 6 scrolls of remove curse
 I - 2 scrolls of enchant weapon
 R - a scroll of amnesia
Potions
 c - 4 potions of curing
 j - 2 potions of magic
 k - 3 potions of stabbing
 l - a potion of brilliance
 s - 4 potions of resistance
 v - a potion of haste
 E - a potion of ambrosia
 F - a potion of flight
 G - 3 potions of lignification
 H - a potion of cancellation
Comestibles
 f - 24 rations
 Y - 2 chunks of flesh


   Skills:
 + Level 6.5 Fighting
 + Level 11.9 Long Blades
 - Level 0.8 Throwing
 + Level 4.2 Armour
 + Level 5.7 Dodging
 - Level 5.2 Stealth
 + Level 2.7 Shields
 * Level 6.8 Spellcasting
 * Level 5.0 Conjurations
 * Level 1.2 Hexes
 + Level 2.3 Charms
 * Level 6.0 Necromancy
 + Level 3.7 Translocations
 * Level 5.1 Air Magic
 + Level 6.7 Poison Magic
 + Level 0.4 Evocations


You had 10 spell levels left.
You knew the following spells:

 Your Spells              Type           Power        Failure   Level  Hunger
a - Shroud of Golubria    Chrm/Tloc      ##....       2%          2    #......
b - Blink                 Tloc           N/A          1%          2    #......
c - Mephitic Cloud        Conj/Pois/Air  ###.....     1%          3    ###....
d - Vampiric Draining     Necr           ###.......   1%          3    ###....
e - Tukima's Dance        Hex            #.......     12%         3    ###....
v - Poisonous Vapours     Pois/Air       ###...       1%          2    #......

Your spell library contained the following spells:

 Spells                   Type           Power        Failure   Level  Hunger
 Animate Skeleton         Necr           N/A          1%          1    None
 Pain                     Necr           ###.         1%          1    None
 Sting                    Tmut/Pois      ##..         1%          1    None
 Infusion                 Chrm           ##..         2%          1    None
 Song of Slaying          Chrm           ##......     3%          2    #......
 Gell's Gravitas          Tloc           ##........   4%          3    ###....
 Lesser Beckoning         Tloc           ##........   4%          3    ###....
 Teleport Other           Tloc           ##......     4%          3    ###....
 Olgreb's Toxic Radiance  Pois           ###.....     4%          4    ####...
 Animate Dead             Necr           N/A          5%          4    ####...
 Conjure Flame            Conj/Fire      ##......     6%          3    ###....
 Ignite Poison            Fire/Tmut/Pois ##......     8%          3    ###....
 Spectral Weapon          Hex/Chrm       #.......     9%          3    ###....
 Sticks to Snakes         Tmut           #.......     10%         2    #......
 Ozocubu's Armour         Chrm/Ice       #.......     12%         3    ###....
 Passage of Golubria      Tloc           N/A          13%         4    ####...
 Agony                    Necr           ###.....     14%         5    ######.
 Fulminant Prism          Conj/Hex       ##........   16%         4    ####...
 Cause Fear               Hex            #.........   34%         4    ####...
 Irradiate                Conj/Tmut      ##........   50%         5    ######.
 Blade Hands              Tmut           #.........   83%         5    ######.
 Freezing Cloud           Conj/Ice/Air   ##........   90%         6    #######
 Dragon Form              Tmut           #.........   100%        7    #######


Dungeon Overview and Level Annotations

Branches:
Dungeon (10/15)            Temple (1/1) D:6            Lair (4/6) D:9
 Shoals (0/4) Lair:2        Snake (0/4) Lair:4      Gauntlet (visited)
    Orc: D:9-12

Altars:
Ashenzari
Cheibriados
Dithmenos
Elyvilon
Fedhas
Gozag
Makhleb
Nemelex Xobeh
Okawaru
Qazlal
Ru
Sif Muna
Trog
Uskayaw
Vehumet
Wu Jian
Xom
Yredelemnul
Zin
Lugonu

Shops:
D:5 !   D:6 ?


Innate Abilities, Weirdness & Mutations

You cannot wear boots.
Your serpentine skin is tough. (AC +4)
You have supernaturally acute eyesight. (SInv)
Armour fits poorly on your strangely shaped body.
Your system is resistant to poisons. (rPois)
You cover ground very slowly.
You have a slow metabolism.
You can spit poison.
You can use your snake-like lower body to constrict enemies.
You are partially covered in iridescent scales. (AC +2)
You expend magic power (3 MP) to strengthen your wands.


Message History

Y - 3 chunks of flesh (gained 2)
You see here a yak skeleton.
Eat one of 3 chunks of flesh? (ye/n/q)
You eat one of the 3 chunks of flesh.
This raw flesh tastes terrible.
You can no longer pass through a line of other dancers.
Casting: Mephitic Cloud (safe; 1% risk of failure)
Confirm with . or Enter, or press ? or * to list all spells.
Space distorts slightly along a thin shroud covering your body.
The ice dragon roars deafeningly!
The ice dragon breathes frost at you. The blast of cold hits you!!!
As you read the scroll of teleportation, it crumbles to dust.
You feel strangely unstable. The ice dragon breathes frost at you.
The blast of cold hits you!!
* * * LOW HITPOINT WARNING * * *
Your shroud begins to fray at the edges.
The ice dragon breathes frost at you. The blast of cold hits you!!!
You die...

#......#### ## .. ##P.....#
#P..# ..≈ ##...### #....#
..≈ # #.#.## # #...... .≈≈
# #######.#.# .#....... ..≈
# ###.....###.## ##........
.
###.).......##÷###.........
.
P#)))#...#...#.P...........
..)..#.>.#......@....D.....
.#...#...#...#.............
.##......(..##.............
#.###.....###P.............
.. ####### ##.............
#.. #............. #..
##............ ...
.............


You could see an ice dragon (catching breath).

Vanquished Creatures
  A dire elephant (Gauntlet)
  A minotaur (Gauntlet)
  Fannar (Lair:3)
  A hydra (Lair:2)
  Erica (D:9)
  A necromancer (Gauntlet)
  2 elephants (Gauntlet)
  A black mamba (Lair:4)
  3 torpor snails
  3 spiny frogs
  Maggie (D:6)
  2 komodo dragons
  A troll (D:8)
  A queen bee (Lair:2)
  3 blink frogs (Lair:2)
  9 hippogriffs
  18 yaks
  A wyvern (Lair:3)
  A hungry ghost (D:8)
  Eustachio (Temple)
  2 wargs (D:8)
  2 swamp worms (Gauntlet)
  7 nagas (Lair:4)
  15 water moccasins
  4 porcupines
  2 orc warriors
  2 ice beasts
  A sky beast (D:8)
  A necrophage (D:7)
  3 ogres
  2 eyes of draining (D:3)
  21 wolves
  5 centaurs
  2 crocodiles
  Blork the orc (D:6)
  8 bullfrogs
  2 gnoll sergeants (D:7)
  3 scorpions
  29 killer bees
  3 howler monkeys (D:8)
  6 crimson imps
  A centaur zombie (D:8)
  A jelly (D:7)
  A quasit (D:5)
  4 orc priests
  4 hounds
  A gnoll shaman (D:4)
  7 orc wizards
  2 bullfrog skeletons (D:5)
  4 iguanas
  5 worker ants
  2 hound skeletons (D:2)
  16 gnolls
  7 adders
  A shadow imp (D:7)
  3 white imps (Lair:4)
  2 oozes
  An adder skeleton (D:5)
  An adder zombie (D:5)
  4 dart slugs
  3 worms
  4 leopard geckos
  32 orcs
  A ball python (D:3)
  10 bats
  5 giant cockroaches
  7 goblins
  6 hobgoblins
  6 jackals
  4 quokkas
  5 frilled lizards
  5 kobolds
  A quokka skeleton (D:9)
  6 rats
336 creatures vanquished.

Vanquished Creatures (others)
  A sky beast (D:7)
  A killer bee (Lair:2)
  2 fungi (Lair:3)
  A plant (Lair:3)
  4 withered plants (Gauntlet)
9 creatures vanquished.

Grand Total: 345 creatures vanquished

Notes
Turn   | Place    | Note
-------+----------+-------------------------------------------
     0 | D:1      | Esekla the Naga Warper began the quest for the Orb.
     0 | D:1      | Reached XP level 1. HP: 19/19 MP: 3/3
   433 | D:1      | Reached XP level 2. HP: 20/26 MP: 5/5
   445 | D:1      | Learned a level 2 spell: Shroud of Golubria
   448 | D:1      | Learned a level 2 spell: Blink
   629 | D:1      | Reached skill level 1 in Armour
  1360 | D:2      | Noticed an ogre
  1366 | D:2      | Killed an ogre
  1366 | D:2      | Reached skill level 1 in Charms
  1366 | D:2      | Reached XP level 3. HP: 28/32 MP: 3/6
  1366 | D:2      | Reached XP level 4. HP: 34/39 MP: 3/7
  1377 | D:2      | Reached XP level 5. HP: 36/45 MP: 4/8
  1663 | D:2      | Reached skill level 3 in Long Blades
  2342 | D:3      | Noticed a centaur
  2757 | D:3      | Found an opulent altar of Gozag.
  2777 | D:3      | Noticed an eye of draining
  2778 | D:3      | Found a bloodstained altar of Trog.
  2779 | D:3      | Noticed an eye of draining
  2813 | D:3      | Killed an eye of draining
  2813 | D:3      | Reached XP level 6. HP: 34/55 MP: 0/10
  2834 | D:3      | Killed an eye of draining
  2834 | D:3      | Reached skill level 4 in Long Blades
  2834 | D:3      | Reached skill level 1 in Stealth
  3217 | D:3      | Reached XP level 7. HP: 8/62 MP: 11/11
  3820 | D:3      | Found a stormy altar of Qazlal.
  3825 | D:3      | Found a basalt altar of Yredelemnul.
  3856 | D:3      | Found a blossoming altar of Fedhas.
  3857 | D:3      | Found a shadowy altar of Dithmenos.
  3858 | D:3      | Found an iron altar of Okawaru.
  3858 | D:3      | Found a hide-covered altar of Uskayaw.
  3858 | D:3      | Found a white marble altar of Elyvilon.
  3859 | D:3      | Found a radiant altar of Vehumet.
  3863 | D:3      | Found a shimmering blue altar of Sif Muna.
  3866 | D:3      | Became a worshipper of Uskayaw the Reveler
  3947 | D:3      | Reached * piety under Uskayaw
  4183 | D:3      | Reached ** piety under Uskayaw
  4737 | D:4      | Got a bloodstained mace
  4770 | D:4      | Identified the +7 mace "Sybes" {pain, Str+3 Int+3} (You
                  | found it on level 4 of the Dungeon)
  4795 | D:5      | Entered Level 5 of the Dungeon
  4977 | D:4      | Reached skill level 5 in Long Blades
  5436 | D:4      | Reached *** piety under Uskayaw
  5439 | D:4      | Reached **** piety under Uskayaw
  5442 | D:4      | Reached ***** piety under Uskayaw
  5866 | D:5      | Reached XP level 8. HP: 58/69 MP: 9/12
  6040 | D:5      | Reached skill level 6 in Long Blades
  6825 | D:5      | Found Lostro's Distillery.
  6841 | D:5      | Bought a potion of mutation for 112 gold pieces
  6841 | D:5      | Bought a potion of lignification for 42 gold pieces
  6841 | D:5      | Gained mutation: You expend magic power (3 MP) to
                  | strengthen your wands. [potion of mutation]
  6841 | D:5      | Gained mutation: You are partially covered in iridescent
                  | scales. (AC +2) [potion of mutation]
  7369 | D:6      | Found a burning altar of Makhleb.
  7369 | D:6      | Noticed an Executioner
  7371 | D:6      | Found a glowing silver altar of Zin.
  7372 | D:6      | Noticed an angel
  7383 | D:6      | Noticed Maggie
  7473 | D:6      | Killed Maggie
  7473 | D:6      | Reached skill level 7 in Long Blades
  7526 | D:6      | Found a staircase to the Ecumenical Temple.
  7546 | D:6      | Noticed Eustachio
  7554 | Temple   | Entered the Ecumenical Temple
  7559 | Temple   | Killed Eustachio
  7559 | Temple   | Reached XP level 9. HP: 61/78 MP: 13/13
  7692 | D:6      | Noticed Blork the orc
  7716 | D:6      | Killed Blork the orc
  7716 | D:6      | Reached skill level 8 in Long Blades
  7821 | D:6      | Found Pidgheid's Magic Scroll Shop.
  7826 | D:6      | Bought a scroll of remove curse for 36 gold pieces
  7826 | D:6      | Bought a scroll of enchant weapon for 90 gold pieces
  7826 | D:6      | Bought a scroll of identify for 24 gold pieces
  8001 | D:6      | Found a sacrificial altar of Ru.
  8836 | D:7      | Reached skill level 9 in Long Blades
  9628 | D:7      | Reached skill level 5 in Stealth
 10005 | D:7      | Reached XP level 10. HP: 69/87 MP: 14/14
 10215 | D:8      | Learned a level 3 spell: Vampiric Draining
 10459 | D:8      | Reached skill level 10 in Long Blades
 11323 | D:8      | Reached skill level 1 in Necromancy
 11602 | D:8      | Reached skill level 1 in Shields
 11623 | D:8      | Reached skill level 5 in Fighting
 11993 | D:8      | Learned a level 2 spell: Poisonous Vapours
 11997 | D:8      | Learned a level 3 spell: Mephitic Cloud
 11999 | D:9      | Found a staircase to the Lair.
 12009 | D:9      | Reached skill level 1 in Poison Magic
 12462 | D:8      | Reached skill level 1 in Air Magic
 12552 | D:9      | Noticed Erica
 12879 | D:9      | Reached skill level 1 in Conjurations
 12946 | D:9      | Killed Erica
 13200 | D:9      | Found a shimmering altar of Xom.
 13221 | D:9      | Found a shimmering altar of Xom.
 13221 | D:9      | Found a shimmering altar of Xom.
 13221 | D:9      | Found a shimmering altar of Xom.
 13222 | D:9      | Found a shimmering altar of Xom.
 13222 | D:9      | Found a shimmering altar of Xom.
 13517 | D:10     | Entered Level 10 of the Dungeon
 13517 | D:10     | Noticed a two-headed ogre
 13554 | Lair:1   | Entered Level 1 of the Lair of Beasts
 13562 | Lair:1   | Reached XP level 11. HP: 94/96 MP: 18/18
 13566 | Lair:1   | Upgraded the game from 0.25.0-3-gd7cc5688da to
                  | 0.25.0-9-g26727b657a
 14389 | Lair:1   | Found a snail-covered altar of Cheibriados.
 14410 | Lair:1   | Reached skill level 5 in Spellcasting
 15023 | Lair:2   | Found a staircase to the Shoals.
 15279 | Lair:2   | Reached skill level 5 in Dodging
 15379 | Lair:2   | Noticed a five-headed hydra
 15391 | Lair:2   | Killed a one-headed hydra
 15391 | Lair:2   | Reached skill level 11 in Long Blades
 15499 | Lair:2   | Reached skill level 5 in Poison Magic
 15501 | Lair:2   | Reached ****** piety under Uskayaw
 16332 | Lair:3   | Reached XP level 12. HP: 78/104 MP: 20/20
 17083 | Lair:3   | Noticed Fannar
 17474 | Lair:3   | Killed Fannar
 17776 | Lair:4   | Noticed an ice dragon
 17876 | Lair:4   | Reached skill level 5 in Necromancy
 17990 | Lair:4   | HP: 5/105 [naga/splash of poison (1)]
 18015 | Lair:4   | Found a staircase to the Snake Pit.
 18034 | Lair:4   | Found a gate leading to a gauntlet.
 18044 | Gauntlet | Entered a Gauntlet
 18044 | Gauntlet | Found a transporter.
 18044 | Gauntlet | Found a transporter.
 18044 | Gauntlet | Found a runed translucent door.
 18045 | Gauntlet | Found a runed translucent door.
 18046 | Gauntlet | Found a transporter.
 18046 | Gauntlet | Found a transporter.
 18049 | Gauntlet | Found a transporter.
 18063 | Gauntlet | Found a transporter.
 18070 | Gauntlet | Found a transporter.
 18085 | Gauntlet | Found a runed translucent door.
 18103 | Gauntlet | Found a transporter.
 18106 | Gauntlet | Found a transporter.
 18106 | Gauntlet | Found a transporter.
 18118 | Gauntlet | Noticed a dire elephant
 18122 | Gauntlet | Found a transporter.
 18137 | Gauntlet | Found a transporter.
 18150 | Gauntlet | Noticed a reaper
 18152 | Gauntlet | Noticed a death scarab
 18155 | Gauntlet | Found a transporter.
 18160 | Gauntlet | Found a transporter.
 18170 | Gauntlet | Noticed a death scarab
 18278 | Gauntlet | Identified the Tome of the Damaging Oath
 18284 | Gauntlet | Learned a level 3 spell: Tukima's Dance
 18518 | Gauntlet | Killed a dire elephant
 18535 | Gauntlet | Reached skill level 5 in Air Magic
 18577 | Gauntlet | Identified the ring of Mytac {Dex+6 SInv}
 18577 | Gauntlet | Noticed a minotaur
 18601 | Gauntlet | HP: 2/106 [minotaur/javelin (28)]
 18615 | Gauntlet | Killed a minotaur
 18615 | Gauntlet | Reached skill level 5 in Conjurations
 18615 | Gauntlet | Reached skill level 1 in Hexes
 18656 | Gauntlet | Identified Satserch's Compendium of Shape Shifting
 18660 | Gauntlet | Got a crude iron ring
 18674 | Gauntlet | Identified the ring "Ciuwid" {rPois Dex+6} (You found it in
                  | a Gauntlet)
 18682 | Gauntlet | Got a pair of jewelled boots
 18753 | Lair:4   | Gained mutation: You can use your snake-like lower body to
                  | constrict enemies. [Naga growth]
 18753 | Lair:4   | Reached XP level 13. HP: 67/112 MP: 23/23
 18777 | Lair:4   | Killed from afar by an ice dragon

Illustrated notes

Levels and vault maps discovered:
D:1:      lemuel_arrival_lava_pool, layout_basic, minmay_pentomino_u4
D:2:      layout_loops_ring
D:3:      wander_river, layout_loops_ring, minitemple, trog_eyes_of_draining,
          minmay_misc_feat_alley, grunt_gozag_breadcrumbs
D:4:      layout_loops_ring, first_ration, kennysheep_generic_room_3
D:5:      layout_gridville, serial_shops,
          nicolae_shop_competitors_out_of_business
D:6:      layout_cave_pools, grunt_temple_overflow_order_and_chaos_2,
          nicolae_ru_the_path_less_chosen, minmay_temple_entry_glass,
          serial_shops, kennysheep_little_box, uniq_blork_the_orc,
          uniq_eustachio, uniq_maggie
D:7:      layout_loops_corners
D:8:      layout_loops_corners
D:9:      layout_cave_pools, xom_redecorated, erik_lair_orcish_takeover,
          minmay_fountain_box, uniq_erica
D:10:     layout_basic
Temple:   corrupted_temple
Lair:1:   layout_loops_ring, kennysheep_snail_temple
Lair:2:   layout_roguey, shoals_dummy_entry, special_room [special_room_bee],
          nicolae_quartered_pool_super, lemuel_fruit_tree
Lair:3:   layout_concentric_octagons, uniq_fannar
Lair:4:   layout_cave_pods, minmay_snake_entry_guardpost_medium,
          nicolae_volcano_entry_lava_flow, gauntlet_entry_generic,
          bobbens_ice_dragon_lair

Skill      XL: |  1  2  3  4  5  6  7  8  9 10 11 12 |
---------------+-------------------------------------+-----
Armour         | 1 2 3 4 |  4.2
Charms         | 1 2 |  2.3
Long Blades    | 3 4 5 7 9 10 11 | 11.9
Dodging        | 2 3 4 5 |  5.7
Stealth        | 1 2 3 5 |  5.2
Fighting       | 3 4 5 6 |  6.5
Spellcasting   | 3 4 5 6 |  6.8
Necromancy     | 2 4 6 |  6.0
Shields        | 1 2 |  2.7
Poison Magic   | 3 5 6 |  6.7
Air Magic      | 2 3 5 |  5.1
Conjurations   | 1 3 5 |  5.0
Hexes          | 1 |  1.2
Throwing       | |  0.8
Translocations | |  3.7
Evocations     | |  0.4

Action                   |  1- 3 |  4- 6 |  7- 9 | 10-12 | 13-15 || total
-------------------------+-------+-------+-------+-------+-------++-------
Melee: Falchion          |    39 |   129 |   600 |   322 |       ||  1090
       Scimitar          |       |       |       |   502 |     4 ||   506
       Constrict         |       |       |       |       |     1 ||     1
Throw: Dart              |     2 |       |    21 |    17 |       ||    40
       Boomerang         |     1 |       |    16 |       |       ||    17
 Cast: Shroud of Golubri |     1 |     7 |    14 |     5 |     1 ||    28
       Poisonous Vapours |       |       |       |    23 |       ||    23
       Mephitic Cloud    |       |       |       |    22 |       ||    22
       Vampiric Draining |       |       |       |    35 |       ||    35
       Blink             |       |       |       |     1 |       ||     1
 Abil: Spit Poison       |     9 |    28 |    63 |    27 |       ||   127
Evoke: Wand              |       |       |     2 |       |       ||     2
  Use: Scroll            |       |     3 |    12 |     7 |     1 ||    23
       Potion            |       |       |    11 |    11 |       ||    22
 Stab: Paralysed         |       |       |     6 |    22 |     1 ||    29
       Sleeping          |       |       |     3 |    13 |       ||    16
       Distracted        |       |       |     1 |     1 |       ||     2
       Confused          |       |       |       |    29 |       ||    29
  Eat: Chunk             |       |     8 |    20 |    24 |     1 ||    53
       Ration            |       |       |     1 |     3 |       ||     4
Armor: Leather armour    |    19 |    45 |   221 |   115 |       ||   400
       Steam dragon scal |       |       |       |   206 |       ||   206
Dodge: Dodged            |    29 |    73 |   307 |   508 |     1 ||   918
Block: Other             |       |       |   112 |   204 |       ||   316
       Reflection        |       |       |     1 |     5 |       ||     6
       Rpst.: Falchion   |     8 |    20 |    68 |    53 |       ||   149
       Scimitar          |       |       |       |    92 |     1 ||    93
